 Dungeon Crawl Stone Soup version 0.16-a0-1157-gec61f8e (webtiles) character file.

8330 PolkaDot the Bewitcher (level 11, -9/68 HPs)
             Began as a Vampire Enchanter on Oct 8, 2014.
             Was an Initiate of Gozag.
             Mangled by an orc warrior
             ... wielding a +1 trident of flaming
              (21 damage)
             ... in a volcano.
             The game lasted 00:51:02 (13665 turns).

PolkaDot the Bewitcher (Vampire Enchanter)         Turns: 13665, Time: 00:51:03

Health: -9/68      AC: 11    Str:  7    XL:     11   Next: 8%
Magic:  13/17      EV: 12    Int: 20    God:    Gozag
Gold:   1563       SH:  0    Dex: 14    Spells: 5 memorised, 2 levels left

rFire  + . .     SeeInvis +     A - +4 dagger (protect)
rCold  + + +     Clarity  .     b - +1 robe
rNeg   + + +     SustAb   .     (no shield)
rPois  +         Gourm    .     g - +1 hat {MR+}
rElec  +         Spirit   .     C - +0 cloak {MR+}
rCorr  +         Warding  .     i - +0 pair of gloves
rMut   .         Stasis   .     (no boots)
MR     +++..                    x - amulet of regeneration
Stlth  +++++++...               t - ring of teleport control
                                (no ring)

@: lethally poisoned, resistant, bloodless, non-regenerating, extremely
resistant to hostile enchantments, extremely stealthy
A: bottle blood, fangs 3, see invisible, unbreathing
a: Bat Form, Bottle Blood, Potion Petition, Call Merchant, Bribe Branch,
Renounce Religion, Evoke Teleport Control


You were in a volcano.
You worshipped Gozag.
Gozag was noncommittal.
You were bloodless.

You visited 2 branches of the dungeon, and saw 11 of its levels.
You also visited: Volcano.

You collected 1807 gold pieces.
You spent 161 gold pieces at shops.
You paid 83 gold pieces to Gozag.

Inventory:

Hand weapons
 A - a +4 dagger of protection (weapon)
Missiles
 f - a throwing net (quivered)
Armour
 b - a +1 robe (worn)
 g - a +1 hat of magic resistance (worn)
 i - a +0 pair of gloves (worn)
 C - a +0 cloak of magic resistance (worn)
Magical devices
 s - a wand of teleportation (0)
 E - a wand of paralysis (6)
Scrolls
 c - a scroll of magic mapping {unknown}
 h - a scroll of fog {unknown}
 k - 3 scrolls of immolation
 l - 2 scrolls of teleportation
 n - a scroll of recharging {unknown}
 r - a scroll of brand weapon {unknown}
 u - 2 scrolls of amnesia
 D - a scroll of remove curse
Jewellery
 t - a ring of teleport control (right hand)
 x - an amulet of regeneration (around neck)
Potions
 e - a potion of lignification
 j - a potion of cancellation
 p - a potion of berserk rage {unknown}
 q - a potion of cure mutation {unknown}
 v - 5 potions of curing
 w - a potion of magic
 z - a potion of invisibility
Books
 m - a Necronomicon {highlevel, unknown}

   This book is beyond your current level of understanding.

   Spells                             Type                      Level
   Haunt                              Necromancy/Summoning         7
   Borgnjor's Revivification          Necromancy                   8
   Death's Door                       Charms/Necromancy            8
   Necromutation                      Transmutation/Necromancy     8
 o - a book of Necromancy

   Spells                             Type                      Level
   Pain                               Necromancy                   1
   Animate Skeleton                   Necromancy                   1
   Vampiric Draining                  Necromancy                   3
   Regeneration                       Charms/Necromancy            3
   Animate Dead                       Necromancy                   4
   Control Undead                     Necromancy                   4
Miscellaneous
 y - a fan of gales


   Skills:
 + Level 9.3 Short Blades
 - Level 2.1 Dodging
 + Level 13.5 Stealth
 - Level 2.0 Spellcasting
 * Level 16.6 Hexes
 - Level 1.0 Ice Magic


You had 2 spell levels left.
You knew the following spells:

 Your Spells              Type           Power        Failure   Level  Hunger
a - Corona                Hex            ######.      0%          1    #......
b - Sure Blade            Hex/Chrm       #####.....   1%          2    ##.....
c - Confuse               Hex            ######..     1%          3    ###....
d - Ensorcelled Hibernat  Hex/Ice        #####.       1%          2    ##.....
e - Enslavement           Hex            ######..     1%          4    #####..


Dungeon Overview and Level Annotations

Branches:
Dungeon (10/15)            Temple (0/1) D:4             Orc (0/4) D:9
   Lair (1/8) D:9

Altars:
Ashenzari
Cheibriados
Dithmenos
Elyvilon
Fedhas
Gozag
Kikubaaqudgha
Makhleb
Okawaru
Qazlal
Sif Muna
Vehumet
Zin
The Shining One

Shops:
D:8 [


Innate Abilities, Weirdness & Mutations

You do not heal naturally.
You can bottle blood from corpses.
You have razor-sharp teeth.
You have supernaturally acute eyesight.
You can survive without breathing.


Message History

The centaur hits you but does no damage.
The orc warrior hits you from afar with a trident of flaming.
* * * LOW HITPOINT WARNING * * *
The orc warrior burns you.
* * * LOW HITPOINT WARNING * * *
Drink which item? (? for menu, Esc to quit)
You feel protected.
You are engulfed in roaring flames.
You resist.
* * * LOW HITPOINT WARNING * * *
The centaur is engulfed in roaring flames.
The centaur closely misses you.
The fire drake is engulfed in roaring flames.
The fire drake closely misses you. The fire drake breathes flames at you.
The blast of flame hits you! You resist.
* * * LOW HITPOINT WARNING * * *
The orc warrior is engulfed in roaring flames.
The orc warrior hits you from afar with a trident of flaming!!
You die...
Your body crumbles into a pile of gold.

§ §.≈ §§ ... .§ ...#####
### #. #.##...## ##.##
$#. #.#.....# #.#∩# $ #.
#.#!§§o.# #.#∩# ##.##
##.##ckk# .#.###
+##...#####...##@##^..^##
...........§.§§§§§§§§§#
≈≈≈≈≈≈≈.≈≈≈§≈§≈§§§§§§§≈§≈
≈≈≈≈≈≈.≈.≈≈§.≈≈≈§≈§§§§≈§
≈≈≈≈≈≈≈≈≈≈≈≈≈≈≈≈§§≈≈≈§≈≈
≈≈≈≈≈≈≈≈≈≈≈≈≈≈≈≈§§≈≈≈≈§≈
≈≈≈≈≈≈≈≈≈≈≈≈≈≈≈≈≈≈§§≈§≈
≈≈≈≈≈≈≈≈≈≈≈≈≈≈≈≈≈≈≈≈≈≈
≈≈≈≈≈≈≈≈≈≈≈≈≈≈≈≈≈≈≈≈


You could see 2 fire drakes, an orc warrior and a centaur.

Vanquished Creatures
  Gastronok (D:9)
  Pikel (D:7)
  The ghost of Tangento the Cleaver, an experienced HOFi (D:4)
  Grinder (D:6)
  A troll (D:8)
  A wyvern (D:8)
  A hippogriff (Lair:1)
  A steam dragon (D:9)
  5 water moccasins
  A sky beast (D:6)
  An ice beast (D:6)
  6 orc warriors
  A black bear (D:8)
  A necrophage (D:6)
  A phantom (D:6)
  A crocodile (D:9)
  6 centaurs
  3 ogres
  A porcupine (Lair:1)
  Duvessa (D:6)
  A big kobold (D:7)
  5 giant frogs
  2 scorpions
  13 killer bees
  4 wights (D:9)
  Dowan (D:6)
  3 goliath beetles
  A gnoll shaman (D:9)
  5 hounds
  3 crimson imps
  Crazy Yiuf (D:6)
  7 orc priests
  9 iguanas
  3 jellies
  9 orc wizards
  Natasha (twice) (D:3)
  4 worker ants
  2 killer bee zombies
  Jessica (D:2)
  9 gnolls
  9 adders
  4 worms
  3 giant mites
  A shadow imp (D:6)
  2 orc skeletons (D:9)
  6 giant geckos
  An ooze (D:7)
  65 orcs
  2 ball pythons
  5 giant cockroaches
  15 hobgoblins
  15 jackals
  14 bats
  5 giant newts
  A giant newt zombie (D:5)
  9 goblins
  24 kobolds
  An orc zombie (D:5)
  3 quokkas
  14 rats
  7 ballistomycetes
327 creatures vanquished.

Vanquished Creatures (others)
  An orc (D:7)
  A hobgoblin (D:7)
  2 jackals (D:7)
  3 giant spores
  A rat (D:7)
8 creatures vanquished.

Grand Total: 335 creatures vanquished

Notes
Turn   | Place    | Note
--------------------------------------------------------------
     0 | D:1      | PolkaDot, the Vampire Enchanter, began the quest for the Orb.
     0 | D:1      | Reached XP level 1. HP: 13/13 MP: 3/3
   281 | D:1      | Reached XP level 2. HP: 19/19 MP: 1/4
   339 | D:1      | Learned a level 2 spell: Ensorcelled Hibernation
   505 | D:1      | Found a glowing golden altar of the Shining One.
   765 | D:1      | Reached skill level 1 in Ice Magic
  1261 | D:2      | Reached XP level 3. HP: 24/24 MP: 3/6
  1390 | D:2      | Reached skill level 5 in Stealth
  1390 | D:2      | Reached skill level 5 in Hexes
  1597 | D:2      | Found a stormy altar of Qazlal.
  1680 | D:2      | Noticed Jessica
  1687 | D:2      | Killed Jessica
  1687 | D:2      | Reached XP level 4. HP: 30/30 MP: 7/7
  1692 | D:2      | Found an opulent altar of Gozag.
  2455 | D:2      | Learned a level 3 spell: Confuse
  2461 | D:2      | Became a worshipper of Gozag Ym Sagoz the Greedy
  2526 | D:3      | Noticed Natasha
  2529 | D:3      | Killed Natasha
  2529 | D:3      | Reached skill level 6 in Hexes
  2562 | D:3      | Reached XP level 5. HP: 35/35 MP: 6/9
  3683 | D:3      | Noticed Natasha
  3688 | D:3      | Killed Natasha
  3688 | D:3      | Reached skill level 7 in Hexes
  3804 | D:4      | Found a staircase to the Ecumenical Temple.
  3874 | D:4      | Reached XP level 6. HP: 41/41 MP: 0/10
  4186 | D:4      | Reached skill level 8 in Hexes
  4637 | D:4      | Found a shadowy altar of Dithmenos.
  4656 | D:4      | Noticed Tangento's ghost (experienced HOFi)
  4772 | D:4      | Killed Tangento's ghost
  4772 | D:4      | Reached skill level 9 in Hexes
  4772 | D:4      | Reached XP level 7. HP: 29/46 MP: 2/12
  5091 | D:4      | Noticed an ogre
  5151 | D:4      | Killed an ogre
  5281 | D:4      | Found a white marble altar of Elyvilon.
  5645 | D:5      | Entered Level 5 of the Dungeon
  5758 | D:5      | Reached skill level 10 in Hexes
  6514 | D:5      | Learned a level 4 spell: Enslavement
  6597 | D:6      | Reached XP level 8. HP: 52/52 MP: 10/13
  6879 | D:6      | Reached skill level 5 in Short Blades
  6880 | D:6      | Found an iron altar of Okawaru.
  7298 | D:6      | Noticed Duvessa
  7300 | D:6      | Noticed Dowan
  7329 | D:6      | Killed Duvessa
  7329 | D:6      | Reached skill level 11 in Hexes
  7340 | D:6      | Killed Dowan
  7442 | D:6      | Noticed Grinder
  7459 | D:6      | Killed Grinder
  7871 | D:6      | Reached skill level 10 in Stealth
  7871 | D:6      | Reached skill level 12 in Hexes
  8017 | D:6      | Reached XP level 9. HP: 57/57 MP: 0/14
  8355 | D:6      | Noticed Crazy Yiuf
  8361 | D:6      | Killed Crazy Yiuf
  8718 | D:7      | Noticed Pikel
  8730 | D:7      | Killed Pikel
  8730 | D:7      | Reached skill level 13 in Hexes
  8942 | D:7      | Found a deep blue altar of Sif Muna.
 10025 | D:8      | Noticed a five-headed hydra
 10131 | D:8      | Got an iridescent war axe
 10132 | D:8      | Identified the cursed +3 war axe "Yratoe Qaest" {chop, -Tele +Rage +Inv SInv} (You found it on level 8 of the Dungeon)
 10221 | D:8      | Reached skill level 14 in Hexes
 10383 | D:8      | Found a snail-covered altar of Cheibriados.
 10383 | D:8      | Found a glowing silver altar of Zin.
 10428 | D:8      | Found an ancient bone altar of Kikubaaqudgha.
 10454 | D:8      | Reached XP level 10. HP: 56/63 MP: 4/16
 10470 | D:8      | Found a shattered altar of Ashenzari.
 10920 | D:8      | Found a burning altar of Makhleb.
 10921 | D:8      | Found Kloskapt's Armour Boutique.
 10924 | D:8      | Bought a +0 cloak of magic resistance for 161 gold pieces
 11061 | D:8      | Found a radiant altar of Vehumet.
 11402 | D:9      | Found a staircase to the Orcish Mines.
 11489 | D:9      | Reached skill level 15 in Hexes
 12150 | D:9      | Found a staircase to the Lair.
 12346 | D:9      | Noticed Gastronok
 12373 | D:9      | Killed Gastronok
 12373 | D:9      | Reached skill level 16 in Hexes
 12414 | D:9      | Found a blossoming altar of Fedhas.
 13089 | D:9      | Learned a level 2 spell: Sure Blade
 13132 | D:10     | Entered Level 10 of the Dungeon
 13348 | Lair:1   | Entered Level 1 of the Lair of Beasts
 13510 | Lair:1   | Reached XP level 11. HP: 68/68 MP: 13/17
 13613 | Lair:1   | Found a dark tunnel.
 13633 | Volcano  | Entered a volcano
 13665 | Volcano  | Mangled by an orc warrior

Action                   |  1- 3 |  4- 6 |  7- 9 | 10-12 || total
-------------------------+-------+-------+-------+-------++-------
Melee: Dagger            |    95 |   201 |   350 |   246 ||   892
Throw: Throwing net      |       |       |       |     1 ||     1
 Cast: Corona            |     5 |       |       |     2 ||     7
       Ensorcelled Hiber |    21 |    60 |    93 |    72 ||   246
       Confuse           |       |     4 |    11 |     3 ||    18
  Use: Scroll            |       |     3 |     7 |    13 ||    23
       Potion            |       |     3 |       |     4 ||     7
 Stab: Sleeping          |    20 |    54 |    77 |    69 ||   220
       Confused          |       |     5 |     9 |     1 ||    15
       Distracted        |       |     1 |     1 |     1 ||     3
       Held in net/web   |       |       |       |     1 ||     1
